 Dungeon Crawl Stone Soup version 0.30-a0-42-g806c11bf1d (webtiles) character file.

Game seed: 14100718509607407926

5022 Newt the Basher (level 10, -3/74 HPs)
             Began as a Demonspawn Gladiator on Aug 30, 2022.
             Was a Priest of Okawaru.
             Slain by an eight-headed hydra (11 damage)
             ... on level 8 of the Dungeon.
             The game lasted 00:10:27 (9739 turns).

Newt the Basher (Demonspawn Gladiator)              Turns: 9739, Time: 00:10:28

Health: -3/74      AC: 16    Str: 19    XL:     10   Next: 30%
Magic:  10/10      EV: 12    Int:  9    God:    Okawaru [***...]
Gold:   519        SH:  0    Dex: 10    Spells: 9/9 levels left

rFire   + + .      SeeInvis .    p - +11 whip of Greed {vorpal, rElec rF++ rN+ Dex-5}
rCold   . . .      Faith    .    (no shield)
rNeg    + . .      Spirit   .    b - +0 leather armour
rPois   .          Reflect  .    (helmet restricted)
rElec   +          Harm     .    (no cloak)
rCorr   .          Rampage  .    (no gloves)
Will    .....                    (no boots)
Stlth   +.........               (no amulet)
HPRegen 0.22/turn                j - +4 ring of protection
MPRegen 0.24/turn                o - ring of flight

@: about to teleport, sanguine armoured, flying, invisible
A: horns 1, magic regeneration, sanguine armour 2
a: Renounce Religion, Heroism


You were on level 8 of the Dungeon.
You worshipped Okawaru.
Okawaru was most pleased with you.
You visited 1 branch of the dungeon, and saw 8 of its levels.

You collected 519 gold pieces.

Inventory:

Hand Weapons
 a - a +0 rapier
 f - a +4 whip
 p - the +11 whip of Greed (weapon) {vorpal, rElec rF++ rN+ Dex-5}
   (You found it on level 2 of the Dungeon)

   It inflicts extra damage upon your enemies.
   Dex:       It affects your dexterity (-5).
   rF:        It greatly protects you from fire.
   rElec:     It insulates you from electricity.
   rN:        It protects you from negative energy.
 A - the +9 mace of Dithmenos, Loving {vorpal, Str+3}
   (You found it on level 7 of the Dungeon)

   It inflicts extra damage upon your enemies.
   Str:       It affects your strength (+3).
 E - a +3 morningstar
Missiles
 d - a throwing net
 e - 4 javelins
 k - 6 boomerangs (quivered)
 u - 2 poisoned darts
 w - 2 boomerangs of dispersal
Armour
 b - a +0 leather armour (worn)
 c - a +0 helmet
Jewellery
 j - a +4 ring of protection (left hand)
 l - a ring of wizardry
 o - a ring of flight (right hand)
 t - a ring of poison resistance
 x - a ring of see invisible
 z - a ring of ice
Wands
 r - a wand of polymorph (10)
Scrolls
 h - 3 scrolls of teleportation
 s - a scroll of amnesia
 v - a scroll of vulnerability
 y - a scroll of enchant weapon
 B - a scroll of brand weapon
 C - a scroll of magic mapping
 D - a scroll of acquirement {unknown}
Potions
 g - 5 potions of lignification
 m - a potion of might
 n - 4 potions of curing


   Skills:
 + Level 5.0 Fighting
 - Level 2.6 Short Blades
 - Level 8.0 Maces & Flails
 - Level 8.0 Throwing
 - Level 5.0 Armour
 - Level 2.6 Dodging
 - Level 2.0 Stealth
 - Level 5.0 Evocations


You had 9 spell levels left.
You didn't know any spells.
Your spell library contained the following spells:

 Spells                   Type           Power      Damage    Failure   Level
 Magic Dart               Conj           0%         1d3       43%         1
 Shock                    Conj/Air       0%         1d3       43%         1
 Slow                     Hex            0%         N/A       43%         1
 Searing Ray              Conj           0%         2d4       56%         2
 Confusing Touch          Hex            0%         N/A       80%         3
 Mephitic Cloud           Conj/Pois/Air  0%         N/A       80%         3
 Ozocubu's Armour         Ice            0%         N/A       80%         3
 Swiftness                Air            0%         N/A       80%         3
 Vampiric Draining        Necr           0%         2d6       80%         3
 Airstrike                Air            0%         2d(0-16)  99%         4
 Corpse Rot               Necr/Pois/Air  0%         N/A       99%         4
 Dispel Undead            Necr           0%         3d6       99%         4
 Fulminant Prism          Conj/Hex       0%         3d6       99%         4
 Ozocubu's Refrigeration  Ice            0%         4d7       100%        7
 Call Imp                 Summ           Unusable   N/A       N/A         2
 Death Channel            Necr           Unusable   N/A       N/A         6

Dungeon Overview and Level Annotations

Branches:
Dungeon (8/15)             Temple (0/1) D:4
   Lair: D:8-11

Altars:
Okawaru
Yredelemnul

Shops:
D:4 =   D:6 =   D:7 !


Innate Abilities, Weirdness & Mutations

You have a pair of small horns on your head.
You regenerate magic rapidly.
When seriously injured, your blood forms thick armour. (AC +9)


Message History

Throw: dart (curare)
Press: ? - help, Shift-Dir - straight line, f - eight-headed hydra
Aim: an eight-headed hydra (unable to see you, 80% to hit)
You throw a curare-tipped dart.
The curare-tipped dart hits the eight-headed hydra.
Unknown command.
Throw: 3 darts (poison)
Press: ? - help, Shift-Dir - straight line, f/p - eight-headed hydra
Aim: an eight-headed hydra (unable to see you, 80% to hit)
You throw a poisoned dart.
The poisoned dart barely misses the eight-headed hydra.
Unknown command.
Throw: 2 throwing nets
Press: ? - help, Shift-Dir - straight line, f/p - eight-headed hydra
Aim: an eight-headed hydra (unable to see you, 80% to hit, immune to nets)
You throw a throwing net.
The throwing net hits the eight-headed hydra.
The eight-headed hydra is too large for the net to hold!
Unknown command.
You hit the eight-headed hydra.
You headbutt the eight-headed hydra, but do no damage.
The eight-headed hydra is lightly wounded.
The eight-headed hydra bites you.
The eight-headed hydra closely misses you.
The eight-headed hydra bites you but does no damage.
The eight-headed hydra bites you!
* * * LOW HITPOINT WARNING * * *
The eight-headed hydra closely misses you.
The eight-headed hydra barely misses you.
The eight-headed hydra bites you!
* * * LOW HITPOINT WARNING * * *
The eight-headed hydra bites you but does no damage.
You see here a +0 leather armour.
Okay, then.
As you read the scroll of teleportation, it crumbles to dust.
You feel strangely unstable. The eight-headed hydra bites you.
* * * LOW HITPOINT WARNING * * *
The eight-headed hydra bites you but does no damage.
The eight-headed hydra bites you!
You die...

#..............# #...<
##..............###....
#..............###.....
#..............###.....
##..............##......
#...............#(.#....
#.............††.(##....
.................###....
...#...@.......(## #....
#. #....D.......# #....
# ##...........# #....
###.....[.### ##...
#####..## ##..
#.#####...# ###
#........####
#..######....###
####...####


You could see an eight-headed hydra (unable to see you).

Vanquished Creatures
  A gargoyle (D:8)
  Sigmund (D:6)
  A wraith (D:7)
  A shadow (D:8)
  6 yaks (D:8)
  Eustachio (D:6)
  5 water moccasins
  An orc warrior (D:8)
  3 sky beasts
  2 black bears (D:6)
  6 phantoms
  6 bullfrogs
  A kobold brigand (D:8)
  A necrophage (D:4)
  A gnoll sergeant (D:7)
  2 scorpions (D:4)
  5 wights (D:8)
  A howler monkey (D:7)
  2 hounds
  2 gnoll boudas
  2 orc priests (D:5)
  Crazy Yiuf (D:4)
  4 iguanas
  An orc wizard (D:6)
  11 gnolls
  16 adders
  2 shadow imps
  3 white imps
  4 worms
  3 dart slugs
  20 orcs
  8 endoplasms
  4 giant cockroaches
  8 goblins
  11 hobgoblins
  6 jackals
  4 quokkas
  6 ball pythons
  6 bats
  9 kobolds
  7 rats
185 creatures vanquished.

Notes
Turn   | Place    | Note
-------+----------+-------------------------------------------
     0 | D:1      | Newt the Demonspawn Gladiator began the quest for the Orb.
     0 | D:1      | Reached XP level 1. HP: 16/16 MP: 1/1
   156 | D:1      | Reached skill level 1 in Stealth
   410 | D:1      | Gained mutation: You regenerate magic rapidly. [demonic
                  | ancestry]
   410 | D:1      | Reached XP level 2. HP: 20/22 MP: 2/2
   792 | D:1      | Found a faded altar of an unknown god.
   930 | D:2      | Reached XP level 3. HP: 27/27 MP: 3/3
  1853 | D:2      | Gained mutation: You have a pair of small horns on your
                  | head. [demonic ancestry]
  1853 | D:2      | Reached XP level 4. HP: 19/33 MP: 4/4
  2200 | D:2      | Identified the +11 whip of Greed {vorpal, rElec rF++ rN+
                  | Dex-5}
  2592 | D:2      | Found a basalt altar of Yredelemnul.
  2922 | D:3      | Noticed a phantom
  2926 | D:3      | Killed a phantom
  2927 | D:3      | Gained mutation: When seriously injured, your blood forms
                  | armour. (AC +9) [demonic ancestry]
  2927 | D:3      | Reached XP level 5. HP: 32/38 MP: 5/5
  3131 | D:3      | Identified the +1 scale mail "Baxyc" {rF- Int+3 SInv}
  3259 | D:3      | Reached skill level 5 in Throwing
  3341 | D:3      | You are sucked into a shaft and drop 3 floors!
  3354 | D:6      | Noticed Eustachio
  3356 | D:6      | Noticed a black bear
  3375 | D:7      | Noticed a sky beast
  3381 | D:6      | Killed a black bear
  3382 | D:6      | Reached XP level 6. HP: 40/44 MP: 6/6
  3387 | D:6      | Killed Eustachio
  3392 | D:6      | Noticed Sigmund
  3402 | D:6      | Killed Sigmund
  3403 | D:6      | Gained mutation: When seriously injured, your blood forms
                  | thick armour. (AC +9) [demonic ancestry]
  3403 | D:6      | Reached XP level 7. HP: 31/50 MP: 7/7
  3598 | D:6      | Reached skill level 5 in Maces & Flails
  3613 | D:5      | Entered Level 5 of the Dungeon
  4519 | D:4      | Reached XP level 8. HP: 57/60 MP: 8/8
  4519 | D:4      | Found an iron altar of Okawaru.
  4530 | D:4      | Became a worshipper of Warmaster Okawaru
  4601 | D:4      | Found a runed translucent door.
  4602 | D:4      | Noticed Crazy Yiuf
  4794 | D:4      | Found Dadoopt's Jewellery Emporium.
  5109 | D:4      | Found a staircase to the Ecumenical Temple.
  5352 | D:4      | Killed Crazy Yiuf
  5353 | D:4      | Reached skill level 5 in Fighting
  5686 | D:6      | Reached skill level 1 in Armour
  6137 | D:6      | Found Ischiyq's Jewellery Boutique.
  6945 | D:7      | Reached skill level 5 in Armour
  7077 | D:7      | Identified the +9 mace of Dithmenos, Loving {vorpal, Str+3}
  7094 | D:7      | Reached * piety under Okawaru
  7176 | D:7      | Reached XP level 9. HP: 56/68 MP: 9/9
  7435 | D:7      | Found Otsenu's Distillery.
  7765 | D:8      | Reached ** piety under Okawaru
  8746 | D:8      | Reached XP level 10. HP: 19/74 MP: 10/10
  8786 | D:7      | Reached skill level 1 in Evocations
  9371 | D:7      | Reached *** piety under Okawaru
  9549 | D:8      | Noticed a gargoyle
  9567 | D:8      | HP: 2/74 [gargoyle/stone arrow (13)]
  9577 | D:8      | Killed a gargoyle
  9712 | D:8      | Reached skill level 5 in Evocations
  9722 | D:8      | Noticed an eight-headed hydra
  9739 | D:8      | Slain by an eight-headed hydra

Illustrated notes

Levels and vault maps discovered:
D:1:      dpeg_arrival_shelter, layout_loops_ring,
          shapermc_ecumenical_altar_venn, hangedman_decor_peaks_small,
          serial_bayou_pond_d
D:2:      minmay_razor_zed, layout_loops_corners, basic_altar, chequers_jeans,
          chequers_serial_rivers_micro_e, minivault_4
D:3:      layout_basic
D:4:      layout_loops_ring, mainiacjoe_overflow_cross_hatched,
          minmay_temple_entry_hall, grunt_ministairs_13, st_stairs_1,
          nicolae_take_the_stairs, minmay_cut_off, uniq_crazy_yiuf_cottage
D:5:      layout_loops_ring, st_stairs_13
D:6:      layout_basic, serial_shops, shop, uniq_sigmund, uniq_eustachio
D:7:      layout_gridville, serial_shops, kennysheep_mini_moat, minivault_19,
          lemuel_flame_loot_1
D:8:      cheibrodos_ideogram_h, layout_cave_pods

Skill      XL: |  1  2  3  4  5  6  7  8  9 10 |
---------------+-------------------------------+-----
Stealth        | 1 2 |  2.0
Throwing       | 2 3 4 5 8 |  8.0
Maces & Flails | 2 4 6 8 |  8.0
Fighting       | 3 5 |  5.0
Armour         | 5 |  5.0
Evocations     | 5 |  5.0
Short Blades   | |  2.6
Dodging        | |  2.6

Action                   |  1- 3 |  4- 6 |  7- 9 | 10-12 || total
-------------------------+-------+-------+-------+-------++-------
Melee: Rapier            |   129 |     6 |       |       ||   135
       Punch             |     1 |       |     1 |       ||     2
       Whip              |       |    51 |   307 |    68 ||   426
       Headbutt          |       |     8 |    49 |    12 ||    69
Throw: Throwing net      |     2 |       |       |     5 ||     7
       Boomerang         |       |     4 |    13 |     2 ||    19
       Dart              |       |       |       |     2 ||     2
  Use: Scroll            |     3 |     4 |     6 |     1 ||    14
       Potion            |       |       |       |     4 ||     4
 Stab: Sleeping          |     7 |     3 |     2 |       ||    12
       Held in net/web   |     1 |       |       |     3 ||     4
Armor: Leather armour    |    43 |    11 |    97 |    28 ||   179
Dodge: Dodged            |    93 |    24 |   153 |    49 ||   319

Table legend: (Time is in decaauts)
 A = Elapsed time spent in this place.
 B = Non-inter-level travel time spent in this place.
 C = Inter-level travel time spent in this place.
 D = Time resting spent in this place.
 E = Time spent auto-exploring this place.
 F = Levels seen in this place.
 G = Mean time per level.
                   A        B        C        D        E       F      G
               +--------+--------+--------+--------+--------+-----+--------+
         Total |   9670 |   9422 |    248 |   2543 |   5677 |   8 | 1208.8 |
       Dungeon |   9670 |   9422 |    248 |   2543 |   5677 |   8 | 1208.8 |
               +--------+--------+--------+--------+--------+-----+--------+

Top non-repeatable levels by time:
     D:2: 1875 daAuts
     D:6: 1613 daAuts
     D:8: 1528 daAuts
     D:7: 1317 daAuts
     D:4: 975 daAuts
     D:1: 913 daAuts
     D:5: 881 daAuts
     D:3: 565 daAuts
